 Dungeon Crawl Stone Soup version 0.27-a0-1105-g946c659c87 (webtiles) character file.

Game seed: 16733880691193868908

2 tsouns the Sneak (level 1, -2/18 HPs)
             Began as a Demonspawn Delver on Apr 29, 2021.
             Slain by a goblin
             ... wielding a +0 dagger
              (4 damage)
             ... on level 3 of the Dungeon.
             The game lasted 00:01:13 (151 turns).

tsouns the Sneak (Demonspawn Delver)                 Turns: 151, Time: 00:01:13

Health: -2/18      AC:  4    Str: 12    XL:     1   Next: 33%
Magic:  1/1        EV: 11    Int: 11    God:
Gold:   0          SH:  0    Dex: 14    Spells: 0/0 levels left

rFire    . . .     SeeInvis .   a - +0 falchion
rCold    . . .     Faith    .   (no shield)
rNeg     . . .     Spirit   .   b - +1 leather armour
rPois    .         Reflect  .   (no helmet)
rElec    .         Harm     .   (no cloak)
rCorr    .         Rampage  .   (no gloves)
Will     .....                  (no boots)
Stlth    ++........             (no amulet)
HPRegen  0.06/turn              (no ring)
MPRegen  0.07/turn              (no ring)

@: no status effects
A: no striking features
a: no special abilities


You were on level 3 of the Dungeon.
You visited 1 branch of the dungeon, and saw 4 of its levels.

Inventory:

Hand Weapons
 a - a +0 falchion (weapon)
Armour
 b - a +1 leather armour (worn)
Wands
 g - a wand of digging (3)
Scrolls
 c - a scroll of fog
 e - a scroll of fear
Potions
 f - a potion of haste


   Skills:
 + Level 3.0 Fighting
 * Level 2.0 Long Blades
 - Level 1.7 Dodging
 - Level 4.5 Stealth


You couldn't memorise any spells.
You didn't know any spells.
Your spell library was empty.

Dungeon Overview and Level Annotations

Branches:
Dungeon (5/15)
 Temple: D:4-7

Altars:
Nemelex Xobeh

Shops:
D:4 (=


Message History

You barely miss the frilled lizard.
You climb downwards.
There is a stone staircase leading up here.
The goblin hits you with a +0 club.
You closely miss the goblin. The goblin hits you but does no damage.
You hit the goblin.
The goblin is moderately wounded.
The goblin barely misses you.
You riposte.
You hit the goblin.
The goblin is severely wounded.
The frilled lizard unfolds its giant frill.
The goblin barely misses you.
You hit the goblin.
You kill the goblin!
The goblin hits you but does no damage.
Your Long Blades skill increases to level 2!
You hit the goblin.
The goblin is severely wounded.
The goblin hits you with a +0 dagger.
You barely miss the goblin.
The goblin is severely wounded.
The goblin hits you with a +0 dagger.
You closely miss the goblin.
The goblin is severely wounded.
The goblin hits you with a +0 dagger.
You miss the goblin.
The goblin is severely wounded.
The goblin hits you with a +0 dagger.
* * * LOW HITPOINT WARNING * * *
The goblin hits you but does no damage.
You miss the goblin.
The goblin is severely wounded.
The goblin hits you with a +0 dagger.
* * * LOW HITPOINT WARNING * * *
You completely miss the goblin.
The goblin is severely wounded.
The goblin hits you but does no damage.
You completely miss the goblin.
The goblin is severely wounded.
The goblin hits you with a +0 dagger.
You die...

### #.. #.#
#.# #.##.#
#.##.#
#.##.#
#@##.# #
#g##.#
#.##l##.#
#.#...#.#
####...<...#
...........#
...##..>..##
.........##
#.########


You could see a goblin and a frilled lizard.

Vanquished Creatures
  2 goblins
2 creatures vanquished.

Notes
Turn   | Place    | Note
-------+----------+-------------------------------------------
     0 | D:5      | tsouns the Demonspawn Delver began the quest for the Orb.
     0 | D:5      | Reached XP level 1. HP: 18/18 MP: 1/1
    18 | D:4      | Found Suretzov's Weapon Boutique.
    64 | D:4      | Found Vuixuq's Jewellery Boutique.
   151 | D:3      | Slain by a goblin

Illustrated notes

Levels and vault maps discovered:
D:2:      layout_rooms, serial_shops, nicolae_shop_window_shopping
D:3:      layout_loops_ring, marbit_many_paths, serial_shops,
          nicolae_shop_trees, ebering_ghost_gozag
D:4:      layout_basic, kennysheep_mini, serial_shops, nicolae_shop_trees,
          nicolae_shop_statue_plus, nicolae_shop_stone, shop, uniq_sigmund
D:5:      layout_basic, nicolae_overflow_crystal_walls,
          trog_three_pillars_becter, demons_altar, serial_shops,
          kennysheep_little_box, uniq_blork_the_orc

Skill      XL: |  1 |
---------------+----+-----
Long Blades    | 2 |  2.0
Fighting       | |  3.0
Dodging        | |  1.7
Stealth        | |  4.5

Action                   || total
-------------------------++-------
Melee: Falchion          ||    12
  Use: Scroll            ||     3
Armor: Leather armour    ||     6
Dodge: Dodged            ||     6
       Rpst.: Falchion   ||     2

Table legend: (Time is in decaauts)
 A = Elapsed time spent in this place.
 B = Non-inter-level travel time spent in this place.
 C = Inter-level travel time spent in this place.
 D = Time resting spent in this place.
 E = Time spent auto-exploring this place.
 F = Levels seen in this place.
 G = Mean time per level.
                   A        B        C        D        E       F      G
               +--------+--------+--------+--------+--------+-----+--------+
         Total |    153 |    153 |      0 |     43 |      0 |   4 |   38.2 |
       Dungeon |    153 |    153 |      0 |     43 |      0 |   4 |   38.2 |
               +--------+--------+--------+--------+--------+-----+--------+

Top non-repeatable levels by time:
     D:3: 74 daAuts
     D:4: 57 daAuts
     D:5: 18 daAuts
     D:2: 4 daAuts
